Map: Curious Minds LE

Players

Warthog - Winner!

  • Race: Terran Terran
  • League: Diamond
  • Spawn Location: 5:00

radiant

  • Race: Terran Terran
  • League: Diamond
  • Spawn Location: 11:00

VOD

Have the link to the VOD?

Description

Time

  • Played on: Nov. 23, 2021, 8:55 p.m.
  • Length: 4:29
Show
View Real Time Build Order
Export as new Build Order

Warthog Terran - Winner!

Build Orders:  

Get SALT Encoding   

  12  0:00  SCV  
  13  0:12  SCV  
  14  0:17  Supply Depot  
  14  0:25  SCV  
  15  0:38  SCV  
  15  0:40  Barracks  
  16  0:43  Refinery  
  16  0:51  SCV  
  17  0:58  Refinery  
  17  1:03  SCV  
  18  1:16  SCV  
  19  1:29  Orbital Command  
  19  1:30  Reaper  
  20  1:42  Supply Depot  
  20  1:44  Factory  
  20  1:56  SCV  
  21  2:02  Reaper  
  21  2:16  SCV  
  22  2:26  Command Center  
  23  2:37  Reaper, Hellion  
  23  2:39  SCV  
  26  2:46  Supply Depot  
  26  2:53  SCV  
  26  3:00  Hellion  
  28  3:05  SCV  
  28  3:12  Barracks Reactor  
  29  3:14  Starport  
  29  3:18  SCV  
  30  3:22  Factory Tech Lab  
  30  3:30  SCV  
  31  3:51  SCV  
  31  3:52  Cyclone  
  31  3:55  Orbital Command  
  35  3:58  Barracks Tech Lab  
  35  4:03  SCV  
  36  4:15  SCV  
  37  4:21  Command Center  
  35  4:24  Barracks  
  35  4:26  Barracks  
Show
View Real Time Build Order
Export as new Build Order

radiant Terran 

Build Orders:  

Get SALT Encoding   

  12  0:00  SCV  
  13  0:12  SCV  
  14  0:17  Supply Depot  
  14  0:24  SCV  
  15  0:39  SCV  
  15  0:41  Barracks  
  16  0:45  Refinery  
  16  0:51  SCV  
  17  1:03  SCV  
  18  1:15  SCV  
  19  1:28  Marine  
  19  1:29  Orbital Command  
  19  1:32  Supply Depot  
  20  1:46  Marine  
  21  1:57  SCV  
  22  2:05  Command Center  
  22  2:07  Marine  
  22  2:15  SCV  
  23  2:24  Factory  
  23  2:25  Marine  
  23  2:28  SCV  
  25  2:36  Refinery  
  25  2:40  SCV  
  25  2:43  Barracks Reactor  
  26  2:52  SCV  
  27  3:04  SCV  
  28  3:09  Factory Tech Lab  
  28  3:10  Starport  
  28  3:16  SCV  
  28  3:17  Barracks  
  28  3:18  Barracks  
  28  3:19  Orbital Command  
  29  3:26  Marine  
  30  3:28  SCV, Marine  
  27  3:55  Siege Tank  
  28  3:56  Medivac, Marine x2  
  31  4:05  Marine  
  30  4:12  SCV  
  30  4:13  SCV  
Tags
 
Add a new tag
Caveats
  • Supply blocks, unpowered buildings, or Contaminate may cause inaccurate times.
  • Supply counts are checked every 10 seconds.